AoeStats
← Patagón

Arena

506555738Analyzed
1v1 RM · 18d ago on Sep 14, 2026· 59m 18s· 2 players
Game mode
Random Map
Map size
Tiny (2 player)
Population
200
Speed
Normal
Resources
Standard
Victory
Conquest
Starting age
Dark Age
Ending age
Imperial Age
RankedLock teamsTeams togetherTeam positionsShared explorationLock speedFull tech treeHidden civsTurbo modeCheats
Victory
Defeat
🇨🇱 Ethiopians · Chile
467
+18
🇦🇺 Bulgarians · Australia
518
-20
Patagón
0:52 Loom
12:17 Feudal Age
13:42 Wheelbarrow
12:52 Town Watch
13:47 Wheelbarrow
12:59 Double-Bit Axe
16:12 Fletching
17:54 Stone Mining
18:04 Gold Mining
20:16 Horse Collar
25:43 Castle Age
26:04 Forging
25:55 Scale Mail Armor
26:39 Hand Cart
26:37 Bow Saw
26:26 Bodkin Arrow
27:38 Gold Shaft Mining
27:42 Stone Shaft Mining
27:38 Town Patrol
27:58 Guard Tower
29:10 Fervor
31:49 Heavy Plow
33:24 Ballistics
32:55 Guard Tower
33:16 Fortified Wall
33:17 Masonry
36:33 Imperial Age
34:13 Squires
35:10 Arson
36:19 Sanctity
36:54 Forging
36:44 Scale Mail Armor
37:11 Halberdier
38:13 Bracer
39:17 Chemistry
40:50 Keep
41:52 Two-Man Saw
41:29 Conscription
42:00 Illumination
42:11 Theocracy
42:37 Architecture
43:06 Royal Heirs
43:44 Siege Engineers
44:13 Capped Ram
45:50 Iron Casting
45:31 Chain Mail Armor
48:19 Blast Furnace
47:25 Scale Barding Armor
48:46 Siege Ram
48:55 Elite Shotel Warrior
50:19 Plate Mail Armor
49:51 Padded Archer Armor
50:15 Chain Barding Armor
52:15 Herbal Medicine
54:29 Padded Archer Armor
53:59 Light Cavalry
53:59 Cavalier
54:00 Heavy Camel Rider
54:41 Husbandry
55:13 Devotion
55:54 Leather Archer Armor
55:04 Hussar
57:07 Faith
57:24 Ring Archer Armor
58:35 Torsion Engines
gringo
16:35 Feudal Age
18:02 Wheelbarrow
17:13 Loom
17:14 Town Watch
19:41 Double-Bit Axe
19:43 Horse Collar
27:51 Castle Age
26:54 Gold Mining
26:55 Stone Mining
28:03 Forging
27:54 Scale Mail Armor
29:24 Heavy Plow
32:08 Gambesons
32:24 Squires
32:09 Arson
33:20 Hand Cart
33:07 Town Patrol
35:52 Husbandry
36:03 Bloodlines
36:06 Scale Barding Armor
38:28 Bow Saw
40:41 Murder Holes
40:37 Guard Tower
41:08 Ballistics
40:39 Heated Shot
41:00 Masonry
46:02 Chain Barding Armor
46:18 Iron Casting
45:59 Chain Mail Armor
45:10 Pikeman
47:24 Fervor
48:01 Stone Shaft Mining
48:02 Gold Shaft Mining
53:19 Imperial Age
55:14 Chemistry
54:50 Keep
54:47 Architecture
57:15 Capped Ram
59:40 Blast Furnace
59:10 Plate Mail Armor
59:17 Plate Barding Armor
59:06 Conscription
Connection lost

Rejoining the realm…

Still unreachable

The connection could not be restored.

Session expired

The server has moved on; the page needs a fresh start.